 Dungeon Crawl Stone Soup version 0.24.0-123-gd5b16e6ec5 (webtiles) character file.

Game seed: 3909048309663406819, levelgen mode: deterministic

47644 brucemayne the Executioner (level 14, -1/129 HPs)
             Began as a Hill Orc Monk on Jan 25, 2020.
             Was an Elder of Trog.
             Slain by a basilisk (5 damage)
             ... while petrified by a basilisk
             ... on level 6 of the Lair of Beasts.
             The game lasted 00:41:05 (8234 turns).

brucemayne the Executioner (Hill Orc Monk)          Turns: 8234, Time: 00:41:06

Health: -1/129     AC: 10    Str: 23    XL:     14   Next: 42%
Magic:  17/17      EV:  2    Int: 10    God:    Trog [****..]
Gold:   720        SH:  0    Dex: 13    Spells: 13/13 levels left

rFire    . . .     SeeInvis .   r - +7 battleaxe (venom)
rCold    + . .     Gourm    .   (shield currently unavailable)
rNeg     + + +     Faith    .   J - +0 troll leather armour
rPois    ∞         Spirit   .   V - +2 hat
rElec    .         Reflect  .   G - +0 cloak
rCorr    .         Harm     .   d - +1 pair of gloves
MR       +....                  (no boots)
Stlth    ++........             (no amulet)
HPRegen  0.71/turn              e - +4 ring of strength
MPRegen  0.15/turn              q - ring of protection from cold

@: petrified
A: no striking features
a: Berserk, Trog's Hand, Brothers in Arms, Renounce Religion


You were on level 6 of the Lair of Beasts.
You worshipped Trog.
Trog was greatly pleased with you.
You were hungry.

You visited 4 branches of the dungeon, and saw 21 of its levels.
You also visited: Volcano.

You collected 1275 gold pieces.
You spent 555 gold pieces at shops.

Inventory:

Hand Weapons
 b - a +1 war axe of flaming
 h - a +2 war axe of electrocution
 k - a +0 trident of venom
 r - a +7 battleaxe of venom (weapon)
 R - a +0 halberd of protection
Missiles
 g - 2 boomerangs of dispersal
 v - 4 poisoned darts (quivered)
Armour
 c - a +3 plate armour of fire resistance
 d - a +1 pair of gloves (worn)
 f - a +0 buckler
 z - a +0 shield
 D - a +0 plate armour
 G - a +0 cloak (worn)
 J - a +0 troll leather armour (worn)
 M - a +0 helmet
 T - a +4 chain mail
 V - a +2 hat (worn)
 W - a +0 hat of intelligence
Jewellery
 e - a +4 ring of strength (left hand)
 q - a ring of protection from cold (right hand)
Wands
 j - a wand of clouds (4)
 s - a wand of acid (13)
 E - a wand of polymorph (1)
 I - a wand of iceblast (24)
 U - a wand of flame (50)
 Z - a wand of random effects (14)
Scrolls
 i - 6 scrolls of remove curse
 w - a scroll of magic mapping
 y - 8 scrolls of identify
 F - a scroll of fog
 H - 2 scrolls of teleportation
Potions
 l - 4 potions of mutation
 m - a potion of degeneration {unknown}
 n - 2 potions of cancellation
 o - a potion of flight
 p - 2 potions of might {unknown}
 t - 3 potions of ambrosia
 u - 2 potions of resistance {unknown}
 S - 2 potions of invisibility
 Y - a potion of heal wounds
Miscellaneous
 a - a lamp of fire
Comestibles
 x - a chunk of flesh
 B - 2 rations


   Skills:
 + Level 13.0 Fighting
 - Level 22.7 Axes
 - Level 4.2 Armour
 + Level 6.8 Dodging
 - Level 1.5 Stealth
 - Level 4.5 Shields
 - Level 5.1 Evocations


You had 13 spell levels left.
You didn't know any spells.
Your spell library contained the following spells:

 Spells                   Type           Power        Failure   Level  Hunger
 Apportation              Tloc           #.....       41%         1    ##.....
 Corona                   Hex            #......      41%         1    ##.....
 Magic Dart               Conj           #...         41%         1    ##.....
 Sandblast                Erth           #.....       41%         1    ##.....
 Blink                    Tloc           N/A          54%         2    ###....
 Call Imp                 Summ           #.......     54%         2    ###....
 Corpse Rot               Necr           N/A          54%         2    ###....
 Ensorcelled Hibernation  Hex/Ice        #.....       54%         2    ###....
 Passwall                 Tmut/Erth      #.......     54%         2    ###....
 Slow                     Hex            #.......     54%         2    ###....
 Sublimation of Blood     Necr           #.........   54%         2    ###....
 Confuse                  Hex            #.......     78%         3    ####...
 Conjure Flame            Conj/Fire      #.......     78%         3    ####...
 Dazzling Spray           Conj/Hex       #.....       78%         3    ####...
 Mephitic Cloud           Conj/Pois/Air  #.......     78%         3    ####...
 Stone Arrow              Conj/Erth      #.....       78%         3    ####...
 Teleport Other           Tloc           #.......     78%         3    ####...
 Tukima's Dance           Hex            #.......     78%         3    ####...
 Petrify                  Tmut/Erth      #.......     99%         4    #####..
 Agony                    Necr           #.......     100%        5    ######.
 Bolt of Draining         Conj/Necr      #.........   100%        5    ######.
 Dispel Undead            Necr           #.......     100%        5    ######.
 Excruciating Wounds      Chrm/Necr      #.........   100%        5    ######.
 Silence                  Hex/Air        #.........   100%        5    ######.
 Freezing Cloud           Conj/Ice/Air   #.........   100%        6    #######
 Iron Shot                Conj/Erth      #.........   100%        6    #######
 Simulacrum               Ice/Necr       #.........   100%        6    #######


Dungeon Overview and Level Annotations

Branches:
Dungeon (12/15)            Temple (1/1) D:7            Lair (6/6) D:8
 Shoals (0/4) Lair:3       Spider (0/4) Lair:3        Slime (0/5) Lair:5
    Orc (2/2) D:11            Elf (0/3) Orc:2       Volcano (visited)

Altars:
Ashenzari
Cheibriados
Dithmenos
Elyvilon
Fedhas
Gozag
Hepliaklqana
Kikubaaqudgha
Makhleb
Nemelex Xobeh
Okawaru
Qazlal
Ru
Sif Muna
Trog
Uskayaw
Vehumet
Wu Jian
Xom
Yredelemnul
Zin
The Shining One
Jiyva

Shops:
D:6 *   Orc:2 %!*(

Annotations:
D:5 1 runed translucent door, Crazy Yiuf, Menkaure
D:7 Harold


Message History

* * * LOW HITPOINT WARNING * * *
A six-headed hydra comes into view.
The six-headed hydra roars!
The yak gores you!
* * * LOW HITPOINT WARNING * * *
The basilisk barely misses you.
The yak looks more healthy.
The yak gores you.
* * * LOW HITPOINT WARNING * * *
The yak gores you.
* * * LOW HITPOINT WARNING * * *
The basilisk bites you.
* * * LOW HITPOINT WARNING * * *
The yak gores you.
* * * LOW HITPOINT WARNING * * *
The yak gores you but does no damage. The basilisk bites you.
* * * LOW HITPOINT WARNING * * *
The yak gores you.
* * * LOW HITPOINT WARNING * * *
The basilisk bites you!
You die...

.........................
.........................
.........................
.........................
......##.PD##.....#...#..
P....# #PP#.##....####.##
..... #....##..<...# #
... ###...Y#l.....#....
......YY@.†....# ...
..P#...#......## . ..
#....#.....# .
#P....#....#
#....#.......#
...P.#.........#
..P.....^....... #. ##.##


You could see a six-headed hydra, 3 yaks and a basilisk.

Vanquished Creatures
  A stone giant (Orc:1)
  Azrael (Orc:2)
  An ettin (Orc:1)
  3 hydras
  An anaconda (Lair:4)
  13 two-headed ogres
  A catoblepas (Lair:6)
  4 ogre magi (Orc:2)
  2 orc high priests (Orc:2)
  2 skeletal warriors (Volcano)
  A wizard (D:11)
  Pikel (D:7)
  An orc sorcerer (Orc:1)
  3 orc knights
  5 deep elf magi
  A cyclops (D:10)
  10 elephants
  A black mamba (Lair:4)
  3 centaur skeletons
  3 gargoyles (Volcano)
  5 spiny frogs
  2 komodo dragons
  A rime drake (shapeshifter) (D:10)
  A rime drake (Lair:6)
  A polar bear (Lair:2)
  5 trolls
  8 blink frogs
  2 harpy skeletons (Volcano)
  4 hippogriffs
  2 flying skulls (Volcano)
  A shadow (D:10)
  4 basilisks
  2 wyverns
  A hungry ghost (D:10)
  7 yaks
  2 fire elementals (Orc:2)
  3 wargs
  2 soldier ants
  6 water moccasins
  2 hell hounds (Orc:2)
  2 porcupines
  2 sky beasts
  An ice beast (D:10)
  22 orc warriors
  A black bear (D:10)
  A swamp drake (D:9)
  4 wolves (Lair:3)
  A necrophage (D:11)
  26 ogres
  4 crocodiles
  A centaur (D:10)
  A big kobold (D:12)
  6 bullfrogs
  A water moccasin zombie (D:5)
  A wyvern skeleton (D:9)
  A scorpion (D:6)
  7 killer bees
  A spriggan skeleton (Volcano)
  2 troll skeletons (Volcano)
  A crimson imp (D:9)
  A centaur zombie (D:11)
  A jelly (D:10)
  A bullfrog skeleton (D:7)
  21 orc wizards
  8 orc priests
  7 hounds
  An iron imp (D:9)
  A gnoll shaman (D:10)
  7 worker ants
  An iguana (D:5)
  A hound skeleton (D:11)
  A worker ant zombie (D:10)
  3 gnolls (D:10)
  8 adders
  A shadow imp (D:9)
  A white imp (D:9)
  An ooze (D:2)
  An adder zombie (D:6)
  2 dart slugs
  3 leopard geckos
  62 orcs
  3 ball pythons
  3 bats
  4 giant cockroaches
  7 goblins
  5 hobgoblins
  14 jackals
  4 quokkas
  4 frilled lizards
  15 kobolds
  A leopard gecko zombie (D:6)
  6 rats
  A fungus (D:5)
405 creatures vanquished.

Vanquished Creatures (others)
  An orc wizard (D:9)
  A fungus (Lair:6)
2 creatures vanquished.

Grand Total: 407 creatures vanquished

Notes
Turn   | Place    | Note
-------+----------+-------------------------------------------
     0 | D:1      | brucemayne the Hill Orc Monk began the quest for the Orb.
     0 | D:1      | Reached XP level 1. HP: 19/19 MP: 1/1
   202 | D:1      | Reached XP level 2. HP: 18/26 MP: 2/2
   248 | D:1      | Reached skill level 5 in Axes
   575 | D:1      | Reached XP level 3. HP: 31/31 MP: 3/3
   638 | D:2      | Found a faded altar of an unknown god.
   816 | D:2      | Reached skill level 6 in Axes
   993 | D:2      | Reached XP level 4. HP: 22/39 MP: 4/4
  1261 | D:3      | Reached skill level 7 in Axes
  1322 | D:2      | Reached XP level 5. HP: 10/45 MP: 5/5
  1580 | D:3      | Found an ancient bone altar of Kikubaaqudgha.
  1580 | D:3      | Found a blossoming altar of Fedhas.
  1619 | D:5      | Entered Level 5 of the Dungeon
  1661 | D:5      | Reached skill level 8 in Axes
  1912 | D:5      | Reached skill level 9 in Axes
  1912 | D:5      | Reached XP level 6. HP: 17/51 MP: 6/6
  1965 | D:5      | Found a runed translucent door.
  1966 | D:5      | Noticed Crazy Yiuf
  2024 | D:5      | Noticed Menkaure
  2285 | D:5      | Noticed an ice beast
  2337 | D:6      | Found Deus's Mayhem Merchandise.
  2372 | D:6      | Noticed a sky beast
  2517 | D:5      | HP: 2/51 [bullfrog (6)]
  2546 | D:5      | Killed a sky beast
  2546 | D:5      | Reached skill level 10 in Axes
  2546 | D:5      | Reached XP level 7. HP: 34/57 MP: 7/7
  2674 | D:7      | Reached skill level 1 in Shields
  2816 | D:7      | Found a burning altar of Makhleb.
  2817 | D:7      | Found a shimmering altar of Xom.
  2817 | D:7      | Found a sacrificial altar of Ru.
  2820 | D:7      | Found a glowing silver altar of Zin.
  2843 | D:7      | Noticed Harold
  2851 | D:7      | Found a staircase to the Ecumenical Temple.
  2860 | Temple   | Entered the Ecumenical Temple
  2879 | Temple   | Became a worshipper of Trog the Wrathful
  2879 | Temple   | Reached * piety under Trog
  2879 | Temple   | Reached ** piety under Trog
  2935 | D:7      | Noticed Pikel
  2946 | D:7      | Killed Pikel
  2946 | D:7      | Reached XP level 8. HP: 64/64 MP: 8/8
  3129 | D:8      | Reached skill level 5 in Fighting
  3202 | D:8      | Reached skill level 11 in Axes
  3228 | D:8      | Found a staircase to the Lair.
  3287 | D:9      | Reached XP level 9. HP: 53/78 MP: 9/9
  3328 | D:9      | Reached skill level 1 in Evocations
  3401 | D:9      | You fall into a shaft and drop 1 floor!
  3401 | D:10     | Entered Level 10 of the Dungeon
  3403 | D:10     | Noticed a troll
  3418 | D:10     | Killed a troll
  3531 | D:10     | Reached skill level 5 in Evocations
  3687 | D:10     | Reached skill level 12 in Axes
  3724 | D:9      | Noticed a two-headed ogre
  3737 | D:9      | Killed a two-headed ogre
  3737 | D:9      | Reached skill level 13 in Axes
  3737 | D:9      | Reached XP level 10. HP: 86/86 MP: 13/13
  3844 | D:9      | Reached *** piety under Trog
  3926 | D:9      | Noticed a deep elf mage
  3943 | D:9      | Killed a deep elf mage
  3943 | D:9      | Reached skill level 14 in Axes
  3968 | D:9      | Noticed a deep elf mage
  3970 | D:9      | Killed a deep elf mage
  4120 | D:10     | Reached skill level 15 in Axes
  4232 | D:10     | Got an ancient hand axe
  4241 | D:10     | Noticed a cyclops
  4257 | D:10     | Killed a cyclops
  4257 | D:10     | Reached skill level 16 in Axes
  4328 | D:10     | Identified the +12 hand axe "Daleg" {freeze, Fragile rF+++
                  | MR- Str+6} (You found it on level 10 of the Dungeon)
  4430 | D:10     | Reached XP level 11. HP: 90/92 MP: 14/14
  4481 | D:11     | Found a staircase to the Orcish Mines.
  4490 | D:11     | Identified Raokiquxky's Tome of the Mountains and
                  | Translocation
  4491 | D:11     | Noticed a two-headed ogre
  4501 | D:11     | Killed a two-headed ogre
  4501 | D:11     | Reached skill level 17 in Axes
  4571 | Orc:1    | Entered Level 1 of the Orcish Mines
  4592 | Orc:1    | Noticed an orc knight
  4617 | D:11     | Killed an orc knight
  4656 | D:11     | Noticed a deep elf mage
  4665 | D:11     | Noticed a wizard
  4666 | D:11     | Killed a deep elf mage
  4671 | D:11     | Killed a wizard
  4671 | D:11     | Reached skill level 18 in Axes
  4673 | D:11     | Noticed a deep elf mage
  4680 | D:11     | Killed a deep elf mage
  4682 | D:11     | Noticed a deep elf mage
  4683 | D:11     | Identified the Volume of Plaster Cramp
  4690 | D:11     | Killed a deep elf mage
  4697 | D:11     | Identified the Volume of Sand
  4721 | D:11     | Identified Qoathra's Compendium of Dhcmrlchtdj
  4819 | D:11     | Noticed a four-headed hydra
  4840 | D:11     | Killed a one-headed hydra
  4926 | D:11     | Reached **** piety under Trog
  5133 | D:11     | Noticed a four-headed hydra
  5139 | D:11     | Killed a one-headed hydra
  5139 | D:11     | Reached skill level 19 in Axes
  5205 | Orc:1    | Noticed a stone giant
  5273 | Orc:1    | Killed a stone giant
  5273 | Orc:1    | Reached XP level 12. HP: 47/103 MP: 15/15
  5360 | Orc:2    | Entered Level 2 of the Orcish Mines
  5360 | Orc:2    | Noticed an orc high priest
  5361 | Orc:2    | Noticed an orc high priest
  5364 | Orc:2    | Noticed a sun demon
  5364 | Orc:2    | Killed an orc high priest
  5415 | Orc:2    | Killed an orc high priest
  5486 | Orc:2    | Reached skill level 10 in Fighting
  5572 | Orc:1    | Noticed a soul eater
  5581 | Orc:1    | Reached skill level 20 in Axes
  5744 | Orc:2    | Found a staircase to the Elven Halls.
  5858 | Orc:2    | Noticed Azrael
  5868 | Orc:2    | Noticed an ogre mage
  5877 | Orc:2    | Killed Azrael
  5885 | Orc:2    | Killed an ogre mage
  5967 | Orc:2    | Reached ***** piety under Trog
  5976 | Orc:2    | Noticed a two-headed ogre
  5977 | Orc:2    | Reached skill level 21 in Axes
  6010 | Orc:2    | Killed a two-headed ogre
  6114 | Orc:2    | Noticed a two-headed ogre
  6127 | Orc:2    | Killed a two-headed ogre
  6159 | Orc:2    | Noticed an ogre mage
  6173 | Orc:2    | Reached XP level 13. HP: 112/112 MP: 16/16
  6283 | Orc:2    | Noticed an ogre mage
  6290 | Orc:2    | Killed an ogre mage
  6295 | Orc:2    | Reached skill level 22 in Axes
  6392 | Orc:1    | Noticed an ettin
  6409 | Orc:1    | Killed an ettin
  6703 | Orc:2    | Received a gift from Trog
  6803 | Orc:2    | Found Tudeb's Distillery.
  6803 | Orc:2    | Found Wuibbira's Weapon Emporium.
  6804 | Orc:2    | Found Uleifod's Food Shoppe.
  6804 | Orc:2    | Found Luuklir's Assorted Antiques.
  6816 | Orc:2    | Bought 2 potions of heal wounds for 210 gold pieces
  6816 | Orc:2    | Bought a granite ring for 105 gold pieces
  6818 | Orc:2    | Bought a potion of flight for 45 gold pieces
  6818 | Orc:2    | Bought a potion of heal wounds for 75 gold pieces
  6818 | Orc:2    | Bought a potion of mutation for 120 gold pieces
  6977 | Lair:1   | Entered Level 1 of the Lair of Beasts
  7212 | Lair:1   | Found a dark tunnel.
  7218 | Volcano  | Entered a volcano
  7314 | Volcano  | HP: 4/115 [skeletal warrior/+1 great sword of flaming (9)]
  7599 | Lair:2   | Reached skill level 5 in Dodging
  7600 | Lair:2   | Reached XP level 14. HP: 95/125 MP: 17/17
  7804 | Lair:3   | Found a staircase to the Shoals.
  7858 | Lair:3   | Found a hole to the Spider Nest.
  8061 | Lair:6   | Entered Level 6 of the Lair of Beasts
  8144 | Lair:5   | Found a staircase to the Slime Pits.
  8147 | Lair:5   | Found a viscous altar of Jiyva.
  8165 | Lair:5   | Noticed an entropy weaver
  8165 | Lair:5   | Noticed an entropy weaver
  8233 | Lair:6   | HP: 6/129 [yak (3)]
  8234 | Lair:6   | Slain by a basilisk

Levels and vault maps discovered:
D:1:      dpeg_arrival_simpleton_a, layout_basic, minmay_heptomino_d4
D:2:      layout_loops_ring, chequers_ecumenical_altar_simple
D:3:      layout_basic, grunt_temple_overflow_growth_and_decay, first_ration,
          kennysheep_generic_room_16
D:4:      layout_loops_corners, grunt_decor_one_mirror, uniq_natasha,
          uniq_grinder
D:5:      layout_loops_ring, gammafunk_ghost_grave, uniq_menkaure,
          uniq_crazy_yiuf_cottage
D:6:      layout_rooms, minivault_26, minmay_shop_mayhem, st_stairs_14,
          corexii_hall_statues_s, grunt_decor_resistance
D:7:      layout_loops_cross, grunt_temple_overflow_open,
          minmay_temple_entry_statues_pillars, serial_shops, shop, uniq_pikel,
          uniq_harold
D:8:      layout_rooms, lair_entry_dummy, uniq_psyche
D:9:      layout_rooms, grunt_ogre_cave, hangedman_minor_magic
D:10:     layout_cave_pools, minivault_11, serial_bayou_lagoon_a,
          minmay_the_grid_2x2 [minmay_the_grid_garden,
          minmay_the_grid_broken_lines, minmay_the_grid_paths,
          minmay_the_grid_prize_four_corners]
D:11:     layout_loops_ring, orc_0_dummy, bh_hangedman_babel_library
D:12:     layout_cave_pods, uniq_snorg
Temple:   lightli_temple_of_artemis
Lair:1:   layout_regular_city, nicolae_volcano_entry_s_turn, wad_woods_road_03,
          infiniplex_staircase_pool
Lair:2:   layout_loops_ring
Lair:3:   beast_lair_carwin_large_2, layout_cave_pods, elwin_shoals_entry_rocks,
          nicolae_spider_entry_orb_guardian, minmay_lindwurm_lava,
          grunt_megastairs_3
Lair:4:   beast_lair_carwin_large_4, layout_long_grid, minmay_lair_oklob_chamber
Lair:5:   layout_loops_ring, slime_altar_1, nicolae_quartered_pool_super,
          minmay_another_anthill
Lair:6:   gammafunk_lair_ancient_temple, layout_regular_city,
          chequers_serial_rivers_micro_b
Orc:1:    layout_caves, nicolae_orc_tapped_out
Orc:2:    st_orc_ogre_mass, layout_caves, uniq_azrael

Skill      XL: |  1  2  3  4  5  6  7  8  9 10 11 12 13 14 |
---------------+-------------------------------------------+-----
Axes           | 5 6 7 9 10 11 13 16 19 21 22 | 22.7
Shields        | 4 |  4.5
Armour         | 3 4 |  4.2
Fighting       | 6 7 9 10 11 13 | 13.0
Evocations     | 5 |  5.1
Dodging        | 5 6 |  6.8
Stealth        | |  1.5

Action                   |  1- 3 |  4- 6 |  7- 9 | 10-12 | 13-15 || total
-------------------------+-------+-------+-------+-------+-------++-------
Melee: Hand axe          |   118 |   229 |   234 |   107 |       ||   688
       War axe           |       |       |       |   312 |   113 ||   425
       Battleaxe         |       |       |       |       |   250 ||   250
Throw: Dart              |       |    13 |       |       |       ||    13
Invok: Berserk           |       |       |     8 |    11 |     6 ||    25
       Trog's Hand       |       |       |     4 |    10 |    12 ||    26
       Brothers in Arms  |       |       |       |       |     1 ||     1
Evoke: Wand              |       |     2 |       |    20 |       ||    22
  Use: Scroll            |     3 |     3 |     7 |     4 |     6 ||    23
       Potion            |       |     9 |       |       |     4 ||    13
 Stab: Sleeping          |     2 |       |       |     1 |     2 ||     5
       Invisible         |       |     8 |       |       |     4 ||    12
       Petrified         |       |       |       |       |     3 ||     3
  Eat: Chunk             |       |     1 |     2 |    20 |     7 ||    30
       Ration            |       |     2 |     2 |     2 |     3 ||     9
Armor: Robe              |    13 |       |       |       |       ||    13
       Ring mail         |     8 |    59 |       |       |       ||    67
       Skin              |       |    20 |       |       |       ||    20
       Plate armour      |       |    64 |   138 |       |       ||   202
       Troll leather arm |       |       |    12 |    86 |    66 ||   164
       Chain mail        |       |       |       |     2 |    19 ||    21
Dodge: Dodged            |    53 |    95 |    99 |   153 |   178 ||   578
Block: Shield            |       |    54 |    19 |       |       ||    73
       Buckler           |       |       |    47 |    58 |    19 ||   124
